TOP OF THE 1ST |
Oklahoma Sooners batting - Pitching for Cincinnati Bearcats : RHP Javier Valéncia
|
Pitching: RHP Javier Valéncia
|
|
Batting: RHB Matt Snow
|
0-0: Ball 1-0: Ball 2-0: Ball 3-0: Base on Balls
|
Batting: RHB Joe Daybell
|
0-0: Called Strike 0-1: Called Strike 0-2: Foul Ball, location: 2F 0-2: Ball 1-2: Strikes out swinging
|
Batting: LHB Mark Smith
|
0-0: Ball 1-0: Ball 2-0: Called Strike 2-1: Foul Ball, location: 2F 2-2: Foul Ball, location: 2F 2-2: Foul Ball, location: 2F 2-2: Foul Ball, location: 2F 2-2: Foul Ball, location: 2F 2-2: Fly out, F5 (Line Drive, 6)
|
Batting: RHB Bryant Caldwell
|
0-0: Ball Matt Snow is caught stealing 2nd base
|
Top of the 1st over - 0 runs, 0 hits, 0 errors, 0 left on base; Oklahoma 0 - Cincinnati 0 |
BOTTOM OF THE 1ST |
Cincinnati Bearcats batting - Pitching for Oklahoma Sooners : RHP Joe Metcalf
|
Pitching: RHP Joe Metcalf
|
|
Batting: RHB Dale Castro
|
0-0: Foul Ball, location: 2F 0-1: Foul Ball, location: 2F 0-2: Ball 1-2: Ground out 6-3 (Groundball, 6)
|
Batting: LHB Carter Coleman
|
0-0: Called Strike 0-1: Ball 1-1: Ball 2-1: Ball 3-1: Base on Balls
|
Batting: RHB Ron McClain
|
0-0: Ball 1-0: Called Strike 1-1: Called Strike 1-2: Strikes out swinging
|
Batting: RHB Scott Snider
|
0-0: Foul Ball, location: 2F 0-1: Ball 1-1: Ball 2-1: Ball 3-1: Called Strike 3-2: Foul Ball, location: 2F 3-2: SINGLE (Groundball, 4M) (infield hit) Carter Coleman to second
|
Batting: RHB Warren Thornton
|
0-0: Ground out 1-3 (Groundball, 13)
|
Bottom of the 1st over - 0 runs, 1 hit, 0 errors, 2 left on base; Oklahoma 0 - Cincinnati 0 |
TOP OF THE 2ND |
Oklahoma Sooners batting - Pitching for Cincinnati Bearcats : RHP Javier Valéncia
|
Batting: RHB Bryant Caldwell
|
0-0: Ball 1-0: SINGLE (Flyball, 89M)
|
Batting: LHB Joe Dunn
|
0-0: Ball 1-0: Called Strike 1-1: Ball 2-1: Swinging Strike 2-2: Reached on error, E2 (Groundball, 13S) Bryant Caldwell to third
|
Batting: LHB Bryce Walton
|
0-0: Ball 1-0: SINGLE (Flyball, 9LS) Bryant Caldwell scores Joe Dunn to third Runner from 3rd tries for Home, SAFE, no throw
|
Batting: SHB Jason Dundee
|
0-0: Ball 1-0: Ball 2-0: Ball 3-0: Called Strike 3-1: Base on Balls Bryce Walton to second
|
Batting: RHB Curt Brown
|
0-0: Grounds out, U3 (Groundball, 3L) Bryce Walton to third
|
Batting: RHB Joe Hughes
|
0-0: Ball 1-0: Ball 2-0: Fly out, F9 (Flyball, 9LSF) Runner from 3rd tags up, SCORES, no throw
|
Batting: RHB Matt Snow
|
0-0: Called Strike 0-1: Ball 1-1: Foul Ball, location: 2F 1-2: Ball 2-2: Foul Ball, location: 2F 2-2: Foul Ball, location: 2F 2-2: Foul Ball, location: 2F 2-2: Ball 3-2: Base on Balls
|
Batting: RHB Joe Daybell
|
0-0: SINGLE (Flyball, 89M) Jason Dundee to third Matt Snow to second Runner from 3rd tries for Home, SAFE, no throw
|
Batting: LHB Mark Smith
|
0-0: Ball 1-0: Called Strike 1-1: Ball 2-1: Ball 3-1: Foul Ball, location: 2F 3-2: Strikes out swinging
|
Top of the 2nd over - 4 runs, 3 hits, 1 error, 2 left on base; Oklahoma 4 - Cincinnati 0 |
BOTTOM OF THE 2ND |
Cincinnati Bearcats batting - Pitching for Oklahoma Sooners : RHP Joe Metcalf
|
Batting: LHB Greg Jeffreys
|
0-0: Swinging Strike 0-1: Ball 1-1: Swinging Strike 1-2: Strikes out looking
|
Batting: RHB Brendan Myers
|
0-0: Fly out, F9 (Flyball, 9S)
|
Batting: RHB Ken Adams
|
0-0: Ball 1-0: Ball 2-0: Called Strike 2-1: SINGLE (Flyball, 8LS)
|
Batting: SHB Bob Castro
|
0-0: Called Strike 0-1: Ball 1-1: SINGLE (Line Drive, 4D) Ken Adams to second
|
Batting: RHB Dale Castro
|
0-0: Ball 1-0: Ball 2-0: Called Strike 2-1: Ball 3-1: Base on Balls Ken Adams to third Bob Castro to second
|
Batting: LHB Carter Coleman
|
0-0: Swinging Strike 0-1: Foul Ball, location: 2F 0-2: Foul Ball, location: 2F 0-2: Ball 1-2: Hit by Pitch Ken Adams scores Bob Castro to third Dale Castro to second
|
Batting: RHB Ron McClain
|
0-0: Ball 1-0: Ball 2-0: Ball 3-0: Base on Balls Bob Castro scores Dale Castro to third Carter Coleman to second
|
Batting: RHB Scott Snider
|
0-0: Ball 1-0: Foul Ball, location: 2F 1-1: Called Strike 1-2: Strikes out swinging
|
Bottom of the 2nd over - 2 runs, 2 hits, 0 errors, 3 left on base; Oklahoma 4 - Cincinnati 2 |
TOP OF THE 3RD |
Oklahoma Sooners batting - Pitching for Cincinnati Bearcats : RHP Javier Valéncia
|
Batting: RHB Bryant Caldwell
|
0-0: Ball 1-0: SINGLE (Groundball, 56D)
|
Batting: LHB Joe Dunn
|
0-0: Ball 1-0: Ball 2-0: Fly out, F7 (Flyball, 78S)
|
Batting: LHB Bryce Walton
|
0-0: DOUBLE (Flyball, 89D) Bryant Caldwell to third
|
Batting: SHB Jason Dundee
|
0-0: Ball 1-0: Called Strike 1-1: Foul Ball, location: 2F 1-2: Strikes out swinging
|
Batting: RHB Curt Brown
|
0-0: Ball 1-0: Foul Ball, location: 2F 1-1: Ball 2-1: Called Strike 2-2: SINGLE (Line Drive, 78S) Bryant Caldwell scores Bryce Walton to third Runner from 3rd tries for Home, SAFE, throw made home
|
Pitching: RHP Mark Williams
|
|
Batting: RHB Joe Hughes
|
0-0: SINGLE (Groundball, 6MD) Curt Brown to second
|
Batting: RHB Matt Snow
|
0-0: Ball 1-0: Swinging Strike 1-1: Foul Ball, location: 2F 1-2: Foul Ball, location: 2F 1-2: Ball 2-2: Ball 3-2: Strikes out swinging
|
Top of the 3rd over - 2 runs, 4 hits, 0 errors, 2 left on base; Oklahoma 6 - Cincinnati 2 |
BOTTOM OF THE 3RD |
Cincinnati Bearcats batting - Pitching for Oklahoma Sooners : RHP Joe Metcalf
|
Batting: RHB Warren Thornton
|
0-0: Ball 1-0: Swinging Strike 1-1: Foul Ball, location: 2F 1-2: Ball 2-2: SINGLE (Groundball, 56D)
|
Batting: LHB Greg Jeffreys
|
0-0: Foul Ball, location: 2F 0-1: Called Strike 0-2: Strikes out looking
|
Batting: RHB Brendan Myers
|
0-0: Fielders Choice at 2nd, 5-4 (Groundball, 5)
|
Batting: RHB Ken Adams
|
0-0: Ball 1-0: Ball 2-0: Hit by Pitch Brendan Myers to second
|
Batting: SHB Bob Castro
|
0-0: Ground out 6-3 (Groundball, 56)
|
Bottom of the 3rd over - 0 runs, 1 hit, 0 errors, 2 left on base; Oklahoma 6 - Cincinnati 2 |
TOP OF THE 4TH |
Oklahoma Sooners batting - Pitching for Cincinnati Bearcats : RHP Mark Williams
|
Batting: RHB Joe Daybell
|
0-0: Called Strike 0-1: Ball 1-1: SINGLE (Line Drive, 7S)
|
Batting: LHB Mark Smith
|
0-0: Ball 1-0: Ball Joe Daybell steals 2nd base 2-0: 2-RUN HOME RUN (Flyball, 7D), Distance : 346 ft
|
Batting: RHB Bryant Caldwell
|
0-0: Called Strike 0-1: Ball 1-1: Ground out 5-3 (Groundball, 56)
|
Batting: LHB Joe Dunn
|
0-0: Ball 1-0: Called Strike 1-1: Called Strike 1-2: Ball 2-2: Strikes out swinging
|
Batting: LHB Bryce Walton
|
0-0: Called Strike 0-1: Called Strike 0-2: Ball 1-2: Ground out 4-3 (Groundball, 4M)
|
Top of the 4th over - 2 runs, 2 hits, 0 errors, 0 left on base; Oklahoma 8 - Cincinnati 2 |
BOTTOM OF THE 4TH |
Cincinnati Bearcats batting - Pitching for Oklahoma Sooners : RHP Joe Metcalf
|
Batting: RHB Dale Castro
|
0-0: Ball 1-0: Ball 2-0: Swinging Strike 2-1: Swinging Strike 2-2: Foul Ball, location: 2F 2-2: Ground out 1-3 (Groundball, P)
|
Batting: LHB Carter Coleman
|
0-0: Swinging Strike 0-1: Foul Ball, location: 2F 0-2: Ball 1-2: Ball 2-2: Strikes out swinging
|
Batting: RHB Ron McClain
|
0-0: Ball 1-0: Ball 2-0: Ball 3-0: Called Strike 3-1: Base on Balls
|
Pitching: RHP Casey Henry
|
|
Batting: RHB Scott Snider
|
0-0: Ball 1-0: Called Strike 1-1: Foul Ball, location: 2F 1-2: Ball 2-2: Foul Ball, location: 2F 2-2: Foul Ball, location: 2F 2-2: SINGLE (Groundball, 6) (infield hit) Ron McClain to second
|
Batting: RHB Warren Thornton
|
0-0: Swinging Strike 0-1: Called Strike 0-2: Foul Ball, location: 2F 0-2: Ball 1-2: Foul Ball, location: 2F 1-2: Strikes out swinging
|
Bottom of the 4th over - 0 runs, 1 hit, 0 errors, 2 left on base; Oklahoma 8 - Cincinnati 2 |
TOP OF THE 5TH |
Oklahoma Sooners batting - Pitching for Cincinnati Bearcats : RHP Mark Williams
|
Batting: SHB Jason Dundee
|
0-0: Ball 1-0: SINGLE (Flyball, 7LM) - OUT at second base trying to stretch hit.
|
Batting: RHB Curt Brown
|
0-0: Fly out, F8 (Line Drive, 8RM)
|
Batting: RHB Joe Hughes
|
0-0: Called Strike 0-1: Foul Ball, location: 2F 0-2: Ball 1-2: Foul Ball, location: 2F 1-2: Fly out, F9 (Line Drive, 9)
|
Top of the 5th over - 0 runs, 1 hit, 0 errors, 0 left on base; Oklahoma 8 - Cincinnati 2 |
BOTTOM OF THE 5TH |
Cincinnati Bearcats batting - Pitching for Oklahoma Sooners : RHP Casey Henry
|
Batting: LHB Greg Jeffreys
|
0-0: Ball 1-0: Ball 2-0: Foul Ball, location: 2F 2-1: Foul Ball, location: 2F 2-2: Ball 3-2: SINGLE (Line Drive, 78M)
|
Batting: RHB Brendan Myers
|
0-0: Ball 1-0: Fielders Choice at 2nd, 5-4 (Groundball, 5L)
|
Batting: RHB Ken Adams
|
0-0: Ball 1-0: Called Strike 1-1: Foul Ball, location: 2F 1-2: Strikes out swinging
|
Batting: SHB Bob Castro
|
0-0: Ball Brendan Myers is caught stealing 2nd base
|
Bottom of the 5th over - 0 runs, 1 hit, 0 errors, 0 left on base; Oklahoma 8 - Cincinnati 2 |
TOP OF THE 6TH |
Oklahoma Sooners batting - Pitching for Cincinnati Bearcats : RHP Mark Williams
|
Batting: RHB Matt Snow
|
0-0: Ball 1-0: Foul Ball, location: 2F 1-1: Foul Ball, location: 2F 1-2: Ball 2-2: Foul Ball, location: 2F 2-2: Strikes out swinging
|
Pitching: RHP Pepe Ramos
|
|
Batting: RHB Joe Daybell
|
0-0: Ball 1-0: Swinging Strike 1-1: Ball 2-1: Called Strike 2-2: Strikes out swinging
|
Batting: LHB Mark Smith
|
0-0: Ball 1-0: Called Strike 1-1: Swinging Strike 1-2: Ball 2-2: Strikes out swinging
|
Top of the 6th over - 0 runs, 0 hits, 0 errors, 0 left on base; Oklahoma 8 - Cincinnati 2 |
BOTTOM OF THE 6TH |
Cincinnati Bearcats batting - Pitching for Oklahoma Sooners : RHP Casey Henry
|
Batting: SHB Bob Castro
|
0-0: DOUBLE (Flyball, 89D)
|
Batting: RHB Dale Castro
|
0-0: Ball 1-0: Ball 2-0: Fly out, F2 (Popup, 23F)
|
Batting: LHB Carter Coleman
|
0-0: Foul Ball, location: 2F 0-1: Ball 1-1: Foul Ball, location: 2F 1-2: Fly out, F7 (Flyball, 78S)
|
Batting: RHB Ron McClain
|
0-0: Ball 1-0: Fly out, F9 (Line Drive, 9)
|
Bottom of the 6th over - 0 runs, 1 hit, 0 errors, 1 left on base; Oklahoma 8 - Cincinnati 2 |
TOP OF THE 7TH |
Oklahoma Sooners batting - Pitching for Cincinnati Bearcats : RHP Pepe Ramos
|
Batting: RHB Bryant Caldwell
|
0-0: Ground out 1-3 (Groundball, 15)
|
Batting: LHB Joe Dunn
|
0-0: Called Strike 0-1: Ball 1-1: Ball 2-1: Swinging Strike 2-2: Foul Ball, location: 2F 2-2: Strikes out swinging
|
Batting: LHB Bryce Walton
|
0-0: Ground out U3 (Groundball, 34)
|
Top of the 7th over - 0 runs, 0 hits, 0 errors, 0 left on base; Oklahoma 8 - Cincinnati 2 |
BOTTOM OF THE 7TH |
Cincinnati Bearcats batting - Pitching for Oklahoma Sooners : RHP Casey Henry
|
Batting: RHB Scott Snider
|
0-0: Called Strike 0-1: Ball 1-1: SINGLE (Groundball, 4MD)
|
Batting: RHB Warren Thornton
|
0-0: Ball 1-0: Ball 2-0: SINGLE (Line Drive, 7S) Scott Snider to second
|
Batting: LHB Greg Jeffreys
|
0-0: Ball 1-0: Fly out, F7 (Line Drive, 7)
|
Batting: RHB Brendan Myers
|
0-0: Fly out, F9 (Line Drive, 9)
|
Batting: RHB Ken Adams
|
0-0: Ground out 6-3 (Groundball, 56D)
|
Bottom of the 7th over - 0 runs, 2 hits, 0 errors, 2 left on base; Oklahoma 8 - Cincinnati 2 |
TOP OF THE 8TH |
Oklahoma Sooners batting - Pitching for Cincinnati Bearcats : RHP Pepe Ramos
|
Batting: SHB Jason Dundee
|
0-0: Ball 1-0: Swinging Strike 1-1: Called Strike 1-2: Foul Ball, location: 2F 1-2: Ball 2-2: Ball 3-2: Foul Ball, location: 2F 3-2: Strikes out swinging
|
Batting: RHB Curt Brown
|
0-0: Ball 1-0: Ball 2-0: Ground out 5-3 (Groundball, 5)
|
Batting: RHB Joe Hughes
|
0-0: Swinging Strike 0-1: Ball 1-1: Foul Ball, location: 2F 1-2: Ball 2-2: Ball 3-2: Strikes out looking
|
Top of the 8th over - 0 runs, 0 hits, 0 errors, 0 left on base; Oklahoma 8 - Cincinnati 2 |
BOTTOM OF THE 8TH |
Cincinnati Bearcats batting - Pitching for Oklahoma Sooners : RHP Casey Henry
|
Now in LF: Ambrosio Hernández
|
|
Batting: SHB Bob Castro
|
0-0: Ball 1-0: Ball 2-0: Ball 3-0: Base on Balls
|
Batting: RHB Dale Castro
|
0-0: Ball 1-0: Ball 2-0: SINGLE (Groundball, 56) (infield hit) Bob Castro to second
|
Batting: LHB Carter Coleman
|
0-0: Ball 1-0: Called Strike 1-1: Ball 2-1: Foul Ball, location: 2F 2-2: Fly out, F7 (Flyball, 7D) Runner from 2nd tags up, SAFE at 3rd, no throw
|
Pitching: RHP Francisco Moreno
|
|
Batting: RHB Ron McClain
|
0-0: Foul Ball, location: 2F 0-1: Ball 1-1: Ball 2-1: Swinging Strike 2-2: Foul Ball, location: 2F 2-2: 3-RUN HOME RUN (Flyball, 9D), Distance : 347 ft
|
Batting: RHB Scott Snider
|
0-0: Ball 1-0: SINGLE (Flyball, 9LS)
|
Batting: RHB Warren Thornton
|
0-0: Foul Ball, location: 2F 0-1: SINGLE (Groundball, 6D) Scott Snider to second
|
Batting: LHB Greg Jeffreys
|
0-0: Called Strike 0-1: Swinging Strike 0-2: Strikes out swinging
|
Batting: RHB Brendan Myers
|
0-0: Ball 1-0: Ball 2-0: Ground out U3 (Groundball, 34)
|
Bottom of the 8th over - 3 runs, 4 hits, 0 errors, 2 left on base; Oklahoma 8 - Cincinnati 5 |
TOP OF THE 9TH |
Oklahoma Sooners batting - Pitching for Cincinnati Bearcats : RHP Pepe Ramos
|
Batting: RHB Matt Snow
|
0-0: Ball 1-0: Called Strike 1-1: Ball 2-1: Ball 3-1: SINGLE (Line Drive, 6MD)
|
Batting: RHB Joe Daybell
|
0-0: Ball 1-0: Ball 2-0: Called Strike 2-1: Fly out, F9 (Flyball, 9)
|
Batting: LHB Mark Smith
|
0-0: Swinging Strike 0-1: Ball 1-1: Ball Matt Snow is caught stealing 2nd base 2-1: Ball 3-1: Fly out, F7 (Flyball, 7S)
|
Top of the 9th over - 0 runs, 1 hit, 0 errors, 0 left on base; Oklahoma 8 - Cincinnati 5 |
BOTTOM OF THE 9TH |
Cincinnati Bearcats batting - Pitching for Oklahoma Sooners : RHP Francisco Moreno
|
Batting: RHB Ken Adams
|
0-0: Ball 1-0: Swinging Strike 1-1: Ball 2-1: Swinging Strike 2-2: Foul Ball, location: 2F 2-2: Fly out, F3 (Line Drive, 34D)
|
Batting: SHB Bob Castro
|
0-0: Ball 1-0: Ball 2-0: Called Strike 2-1: Ball 3-1: Foul Ball, location: 2F 3-2: Base on Balls
|
Batting: RHB Dale Castro
|
0-0: Ball Wild Pitch! Bob Castro to second 1-0: Called Strike 1-1: Ground out 1-3 (Groundball, 13S) Bob Castro to third
|
Batting: LHB Carter Coleman
|
0-0: Called Strike 0-1: Ball 1-1: Called Strike 1-2: Ground out 4-3 (Groundball, 34)
|
Bottom of the 9th over - 0 runs, 0 hits, 0 errors, 1 left on base; Oklahoma 8 - Cincinnati 5 |
|